 Dungeon Crawl Stone Soup version 0.24-a0-189-g5d897e9 (webtiles) character file.

Game seed: 2778856713614082895

10555 Azzok the Arsonist (level 11, -10/61 HPs)
             Began as an Octopode Fire Elementalist on Mar 16, 2019.
             Was a Believer of Vehumet.
             Mangled by a hornet (15 damage)
             ... on level 9 of the Dungeon.
             The game lasted 00:22:17 (13185 turns).

Azzok the Arsonist (Octopode Fire Elementalist)    Turns: 13185, Time: 00:22:18

Health: -10/61     AC:  1    Str:  7    XL:     11   Next: 63%
Magic:  16/24      EV: 13    Int: 25    God:    Vehumet [**....]
Gold:   438        SH:  0    Dex: 14    Spells: 16/29 levels left

rFire    + . .     SeeInvis .   s - +9 battleaxe of the Unseen Realm {freeze, Int+5 Stlth+}
rCold    . . .     Gourm    +   (shield currently unavailable)
rNeg     . . .     Faith    .   (helmet restricted)
rPois    .         Spirit   .   t - amulet of the gourmand
rElec    .         Reflect  .   i - ring of fire
rCorr    .         Harm     .   m - ring of protection from cold
MR       .....                  (no ring)
Stlth    ++++......             (no ring)
HPRegen  0.20/turn              (no ring)
MPRegen  0.19/turn              (no ring)
                                (no ring)
                                (no ring)

@: lethally poisoned (-10 -> -18), slowed, very slow
A: almost no armour, stealthy swim, amphibious, 8 rings, constrict 8, camouflage
1, gelatinous body 1
a: Renounce Religion


You were on level 9 of the Dungeon.
You worshipped Vehumet.
Vehumet was pleased with you.
You were completely stuffed.

You visited 2 branches of the dungeon, and saw 12 of its levels.

You collected 438 gold pieces.

Inventory:

Hand Weapons
 s - the +9 battleaxe of the Unseen Realm (weapon) {freeze, Int+5 Stlth+}
   (You found it on level 4 of the Dungeon)

   It has been specially enchanted to freeze those struck by it, causing extra
   injury to most foes and up to half again as much damage against particularly
   susceptible opponents.
   It can also slow down cold-blooded creatures.
   It affects your intelligence (+5).
   It makes you more stealthy.
Armour
 E - a +0 shield
Magical Staves
 k - an uncursed staff of earth
Jewellery
 i - a ring of fire (left tentacle)
 m - a ring of protection from cold (right tentacle)
 t - an amulet of the gourmand (around mantle)
Wands
 p - a wand of polymorph (26)
 v - a wand of digging (6)
 B - a wand of iceblast (11)
 C - a wand of enslavement (10)
Scrolls
 c - 4 scrolls of magic mapping
 j - 3 scrolls of teleportation {unknown}
 n - a scroll of noise {unknown}
 o - 2 scrolls of enchant armour {unknown}
 r - 5 scrolls of remove curse
 u - 2 scrolls of random uselessness {unknown}
 w - 2 scrolls of blinking {unknown}
 x - 4 scrolls of immolation {unknown}
 y - a scroll of vulnerability {unknown}
 A - a scroll of fog {unknown}
 D - a scroll of fear {unknown}
Potions
 a - 5 potions of curing
 d - 7 potions of lignification {unknown}
 e - 3 potions of haste {unknown}
 f - a potion of agility {unknown}
 g - 4 potions of heal wounds {unknown}
 h - a potion of berserk rage {unknown}
 l - 2 potions of degeneration {unknown}
 q - 2 potions of might {unknown}
 z - 2 potions of invisibility
Comestibles
 b - 12 rations
 G - 6 chunks of flesh


   Skills:
 - Level 2.0 Dodging
 - Level 2.6 Stealth
 + Level 0.2 Shields
 + Level 9.8 Spellcasting
 + Level 10.4 Conjurations
 + Level 10.8 Fire Magic
 + Level 0.3 Evocations


You had 16 spell levels left.
You knew the following spells:

 Your Spells              Type           Power        Failure   Level  Hunger
a - Flame Tongue          Conj/Fire      #####        1%          1    None
b - Conjure Flame         Conj/Fire      #######.     1%          3    None
c - Sticky Flame          Conj/Fire      #######.     1%          4    #......
d - Fireball              Conj/Fire      #######...   1%          5    ####...

Your spell library contained the following spells:

 Spells                   Type           Power        Failure   Level  Hunger
 Sting                    Conj/Pois      ####         1%          1    None
 Magic Dart               Conj           ####         1%          1    None
 Throw Flame              Conj/Fire      ######       1%          2    None
 Inner Flame              Hex/Fire       ######..     1%          3    None
 Mephitic Cloud           Conj/Pois/Air  ####....     3%          3    None
 Beastly Appendage        Tmut           ##....       4%          1    None
 Blink                    Tloc           N/A          8%          2    None
 Call Imp                 Summ           ##......     8%          2    None
 Slow                     Hex            ##......     8%          2    None
 Sticks to Snakes         Tmut           ##......     8%          2    None
 Spider Form              Tmut/Pois      ##........   16%         3    None
 Ice Form                 Ice/Tmut       ##......     45%         4    #......
 Blade Hands              Tmut           ##........   80%         5    ####...


Dungeon Overview and Level Annotations

Branches:
Dungeon (12/15)            Temple (1/1) D:7            Lair (0/6) D:10
    Orc: D:9-12

Altars:
Ashenzari
Cheibriados
Dithmenos
Elyvilon
Fedhas
Gozag
Hepliaklqana
Makhleb
Nemelex Xobeh
Okawaru
Qazlal
Ru
Trog
Uskayaw
Vehumet
Wu Jian
Xom
Yredelemnul
Zin
The Shining One

Annotations:
D:7 2 transporters
D:10 3 runed translucent doors, Lanoc's ghost, journeyman OpTm


Innate Abilities, Weirdness & Mutations

You cannot wear most types of armour.
You are very stealthy in the water. (Stealth+)
You are amphibious.
You can wear up to eight rings at the same time.
You can use your tentacles to constrict eight enemies at once.
Your skin changes colour to match your surroundings (Stealth+).
Your rubbery body absorbs attacks. (AC +1, EV +1)


Message History

Unknown command.
Unknown command.
Unknown command.
Unknown command.
Unknown command.
Unknown command.
Unknown command.
Unknown command.
Casting: Sticky Flame (safe; 1% risk of failure)
Confirm with . or Enter, or press ? or * to list all spells.
Aiming: Sticky Flame (safe; 1% risk of failure)
Press: ? - help, Shift-Dir - straight line, f/p - hornet
Aim: a hornet (severely wounded, covered in liquid flames)
You feel a surge of power!
The sticky flame hits the hornet.
The hornet is almost dead.
The hornet is covered in liquid flames!
* * * LOW HITPOINT WARNING * * *
You feel sick.
The hornet burns! x2; The hornet completely misses you.
The hornet stings you!
You die...

▒▒▒▒ ·▒ ▒▒· ▒▒·····▒▒··
········· ▒▒▒▒·······
▒▒··▒······▒▒ ▒▒▒
▒·······▒···▒ ▒▒·▒▒
▒▒▒·····▒··▒▒···
▒···▒▒▒▒···············
▒···▒··▒··▒▒▒·@··▒▒·▒▒▒
▒▒▒·········▒▒▒·y▒▒▒?··▒
··▒··<·······▒▒▒·······▒
·············▒▒▒········
▒··········)·▒····▒·····
▒▒▒··········)····▒··▒(·
▒·········)·······▒···y
▒▒·······▒▒▒▒····▒▒ ▒··
▒▒▒▒▒▒····▒ ··▒··▒ ▒▒


You could see a hornet (burning).

Vanquished Creatures
  A two-headed ogre (D:10)
  An unseen horror (D:10)
  2 ugly things
  A cyclops (D:12)
  Joseph (D:10)
  2 gargoyles
  4 centaur skeletons
  2 hippogriffs
  A shadow (D:11)
  A wyvern (D:11)
  4 yaks
  2 wraiths
  A hungry ghost (D:12)
  2 porcupines (D:11)
  2 water moccasins
  6 orc warriors
  A sky beast (D:10)
  2 ice beasts
  3 phantoms (D:10)
  A necrophage (D:10)
  3 ogres
  9 centaurs
  5 crocodiles
  A bullfrog (D:7)
  3 scorpions (D:11)
  4 killer bees (D:9)
  7 wights
  2 howler monkeys
  A crimson imp (D:9)
  A bullfrog zombie (D:11)
  6 hounds
  A jelly (D:11)
  6 orc priests
  9 orc wizards
  Ijyb (D:4)
  Natasha (twice) (D:2)
  An iguana (D:10)
  A worker ant (D:5)
  A worker ant zombie (D:11)
  13 adders
  3 gnolls (D:6)
  2 howler monkey skeletons
  3 shadow imps
  An ooze (D:3)
  A dart slug (D:1)
  2 worms
  A leopard gecko (D:3)
  31 orcs
  2 ball pythons
  2 bats
  5 giant cockroaches
  5 goblins
  9 hobgoblins
  2 jackals (D:1)
  4 kobolds (D:2)
  5 quokkas
  A frilled lizard (D:4)
  A quokka skeleton (D:10)
  A quokka zombie (D:7)
  12 rats
210 creatures vanquished.

Vanquished Creatures (others)
  An orc wizard (D:6)
  A bush (D:10)
  A fungus (D:10)
  3 plants (D:10)
6 creatures vanquished.

Grand Total: 216 creatures vanquished

Notes
Turn   | Place    | Note
-------+----------+-------------------------------------------
     0 | D:1      | Azzok the Octopode Fire Elementalist began the quest for
                  | the Orb.
     0 | D:1      | Reached XP level 1. HP: 11/11 MP: 3/3
   275 | D:1      | Reached XP level 2. HP: 17/17 MP: 1/5
  1113 | D:2      | Reached XP level 3. HP: 21/21 MP: 2/6
  1171 | D:2      | Noticed Natasha
  1180 | D:2      | Killed Natasha
  1275 | D:2      | Reached XP level 4. HP: 25/27 MP: 1/8
  1313 | D:2      | Noticed Natasha
  1323 | D:2      | Killed Natasha
  2001 | D:2      | Reached XP level 5. HP: 27/31 MP: 4/9
  2239 | D:3      | Found an opulent altar of Gozag.
  2338 | D:3      | Found a sparkling altar of Nemelex Xobeh.
  2392 | D:3      | Found a hazy altar of Hepliaklqana.
  2416 | D:3      | Found a shadowy altar of Dithmenos.
  2994 | D:3      | Found a bloodstained altar of Trog.
  3369 | D:4      | Reached XP level 6. HP: 36/36 MP: 7/11
  3659 | D:3      | Learned a level 3 spell: Conjure Flame
  3664 | D:3      | Learned a level 4 spell: Sticky Flame
  3882 | D:4      | Reached skill level 5 in Fire Magic
  4091 | D:4      | Noticed Ijyb
  4115 | D:3      | Reached XP level 7. HP: 12/41 MP: 7/13
  4420 | D:4      | Found a glowing silver altar of Zin.
  4577 | D:4      | Killed Ijyb
  4908 | D:4      | Got a crude battleaxe
  4910 | D:4      | Identified the +9 battleaxe of the Unseen Realm {freeze,
                  | Int+5 Stlth+} (You found it on level 4 of the Dungeon)
  4927 | D:5      | Entered Level 5 of the Dungeon
  4994 | D:5      | Found a hide-covered altar of Uskayaw.
  5042 | D:5      | Found a glowing golden altar of the Shining One.
  5473 | D:5      | Found an iron altar of Okawaru.
  5772 | D:6      | Reached XP level 8. HP: 36/46 MP: 1/15
  5972 | D:6      | Reached skill level 5 in Conjurations
  5976 | D:6      | Reached skill level 5 in Spellcasting
  6703 | D:6      | Learned a level 5 spell: Fireball
  7600 | D:7      | Noticed a kobold demonologist
  7602 | D:7      | Found a transporter.
  7735 | D:7      | Reached XP level 9. HP: 41/51 MP: 9/18
  7853 | D:7      | Found a transporter.
  7872 | D:7      | Found a staircase to the Ecumenical Temple.
  7882 | Temple   | Entered the Ecumenical Temple
  7948 | Temple   | Became a worshipper of Vehumet
  8138 | D:7      | You fall through a shaft for 3 floors!
  8138 | D:10     | Entered Level 10 of the Dungeon
  8305 | D:10     | You fall through a shaft for 2 floors!
  8314 | D:12     | Noticed a gargoyle
  8374 | D:12     | Noticed a cyclops
  8380 | D:12     | Killed a cyclops
  8731 | D:12     | Noticed a cyan ugly thing
  8752 | D:12     | Killed a cyan ugly thing
  8961 | D:12     | Reached XP level 10. HP: 41/56 MP: 14/21
  9067 | D:12     | Killed a gargoyle
  9398 | D:12     | Noticed a tengu warrior
  9608 | D:11     | Noticed a purple ugly thing
  9612 | D:11     | Killed a purple ugly thing
 10116 | D:11     | Noticed a gargoyle
 10123 | D:11     | Killed a gargoyle
 10336 | D:10     | Noticed Joseph
 10336 | D:10     | Noticed a two-headed ogre
 10339 | D:10     | Killed Joseph
 10493 | D:11     | Got a shimmering glaive
 10496 | D:11     | Identified the +4 glaive of the Unkillable {protect, MR-
                  | MP+9 Dex+5} (You found it on level 11 of the Dungeon)
 10514 | D:10     | Reached skill level 10 in Fire Magic
 10514 | D:10     | Reached XP level 11. HP: 61/61 MP: 20/24
 10602 | D:10     | Found a staircase to the Lair.
 10613 | D:10     | Reached * piety under Vehumet
 10613 | D:10     | Offered knowledge of Sandblast by Vehumet.
 10627 | D:10     | Killed a two-headed ogre
 11251 | D:11     | Reached skill level 10 in Conjurations
 11775 | D:9      | Found a flagged portal.
 11981 | D:10     | Reached ** piety under Vehumet
 11994 | D:10     | Offered knowledge of Sting by Vehumet.
 12170 | D:10     | Noticed an unseen horror
 12303 | D:10     | Killed an unseen horror
 12508 | D:10     | Found a runed translucent gate.
 12508 | D:10     | Found a runed translucent gate.
 12508 | D:10     | Found a runed translucent gate.
 12509 | D:10     | Noticed Lanoc's ghost (journeyman OpTm)
 13182 | D:9      | Paralysed by a hornet for 3 turns
 13185 | D:9      | Mangled by a hornet

Levels and vault maps discovered:
D:1:      onia_arrival_pentagram, layout_basic, minmay_misc_feat_enclosed,
          chequers_serial_rivers_small_a
D:2:      layout_basic, first_ration, chequers_serial_rivers_micro_d,
          kennysheep_decorative_pillar, chequers_arboretum, serial_bayou_pond_e,
          uniq_natasha
D:3:      layout_loops_ring, grunt_temple_overflow_open,
          nicolae_dithmenos_shadow_blocks, nicolae_overflow_hidden_temple,
          palyth_stone_intersect
D:4:      layout_rooms, kennysheep_little_box, uniq_ijyb
D:5:      layout_basic, lemuel_doored_altar, lemuel_coloured_pillars_altar,
          basic_altar, ebering_dispersal_statue_hall
D:6:      layout_loops_corners
D:7:      gammafunk_wand_slinger, layout_loops_ring,
          minmay_temple_entry_junction, serial_rivers,
          chequers_serial_rivers_small_b, chequers_serial_rivers_micro_b,
          chequers_serial_rivers_micro_c, chequers_serial_rivers_micro_d,
          chequers_serial_rivers_small_a, chequers_serial_rivers_micro_a,
          minmay_fractal_squares_5, uniq_harold
D:9:      layout_cave_pools, enter_bailey_8, minivault_16
D:10:     layout_loops_ring, minmay_lair_entry_grove, gammafunk_ghost_spectres,
          uniq_joseph
D:11:     layout_basic, grunt_pizzeria, chequers_serial_rivers_large_b
D:12:     layout_basic, orc_0_dummy, uniq_psyche
Temple:   nicolae_temple_x_marks_the_god

Skill      XL: |  1  2  3  4  5  6  7  8  9 10 11 |
---------------+----------------------------------+-----
Conjurations   | 2 3 4 6 8 9 10 | 10.4
Spellcasting   | 3 4 6 7 9 |  9.8
Fire Magic     | 4 5 7 8 10 | 10.8
Dodging        | |  2.0
Stealth        | |  2.6
Shields        | |  0.2
Evocations     | |  0.3

Action                   |  1- 3 |  4- 6 |  7- 9 | 10-12 || total
-------------------------+-------+-------+-------+-------++-------
Melee: Unarmed           |    11 |     3 |       |       ||    14
       Constrict         |     4 |     4 |     1 |     1 ||    10
       Tentacles         |     1 |     4 |     3 |     3 ||    11
       Short sword       |       |     8 |     4 |       ||    12
       Battleaxe         |       |       |    11 |    15 ||    26
 Cast: Flame Tongue      |    40 |   124 |   118 |   158 ||   440
       Sticky Flame      |       |       |    22 |    36 ||    58
       Fireball          |       |       |     4 |    31 ||    35
       Conjure Flame     |       |       |       |     3 ||     3
  Use: Scroll            |       |       |     3 |     4 ||     7
 Stab: Sleeping          |       |       |     1 |       ||     1
  Eat: Chunk             |     1 |     9 |    27 |    26 ||    63
Armor: Skin              |     1 |     3 |     1 |     6 ||    11
Dodge: Dodged            |    17 |    44 |    49 |    67 ||   177

Table legend:
 A = Non-vault XP
 B = Vault XP
 C = Vault XP percentage of total XP
 D = Non-vault monster count
 E = Vault monster count
 F = Vault count percentage of total count
                 A         B        C        D         E       F
            +---------+---------+-------+---------+---------+-------
      Total |   12769 |    2310 |  15.3 |     192 |      19 |   9.0
            +---------+---------+-------+---------+---------+-------
        D:1 |      21 |       0 |   0.0 |      11 |       0 |   0.0
        D:2 |     119 |      35 |  22.7 |      27 |       1 |   3.6
        D:3 |     195 |       0 |   0.0 |      24 |       0 |   0.0
        D:4 |     338 |      39 |  10.3 |      18 |       1 |   5.3
        D:5 |     159 |       0 |   0.0 |       5 |       0 |   0.0
        D:6 |    1347 |       0 |   0.0 |      24 |       0 |   0.0
        D:7 |     234 |      74 |  24.0 |       5 |       3 |  37.5
        D:9 |     856 |       0 |   0.0 |      16 |       0 |   0.0
       D:10 |    3319 |    1048 |  24.0 |      31 |       6 |  16.2
       D:11 |    2883 |    1114 |  27.9 |      18 |       8 |  30.8
       D:12 |    3298 |       0 |   0.0 |      13 |       0 |   0.0
            +---------+---------+-------+---------+---------+-------
